[ AOE2 MATCH · #478397299 ]
UnrankedSpanish vs Slavs
[ REPLAY ANALYSIS · EXTRACTED FROM THE RECORDED GAME ]
Feudal
14:54
Castle
20:14
Imperial
—
| APM avg | 45.3 |
| APM peak | 90 |
| eAPM avg | 13.2 |
| Villagers / military | 68 / 38 |
Focus
⚔️ 22.0% · 🌾 78.0%
Conquistador ×38 · Fishing Ship ×13
Feudal
13:48
Castle
27:09
Imperial
—
| APM avg | 31.4 |
| APM peak | 60 |
| eAPM avg | 17.3 |
| Villagers / military | 63 / 17 |
Focus
⚔️ 21.4% · 🌾 78.6%
Fire Galley ×17 · Fishing Ship ×11 · Unknown (2626) ×11
Feudal
13:50
Castle
18:14
Imperial
32:50
| APM avg | 44.4 |
| APM peak | 73 |
| eAPM avg | 24.6 |
| Villagers / military | 145 / 64 |
Focus
⚔️ 34.3% · 🌾 65.7%
Scout Cavalry ×38 · Fishing Ship ×23 · Fire Galley ×21 · Unknown (2626) ×8 · Trebuchet (Packed) ×3 · Monk ×2
Feudal
14:43
Castle
18:18
Imperial
—
| APM avg | 49.8 |
| APM peak | 78 |
| eAPM avg | 21.6 |
| Villagers / military | 125 / 38 |
Focus
⚔️ 24.3% · 🌾 75.7%
Cavalry Archer ×37 · Fishing Ship ×11 · Unknown (2626) ×3 · Armored Elephant ×1
Feudal
13:21
Castle
19:42
Imperial
—
| APM avg | 47.7 |
| APM peak | 99 |
| eAPM avg | 28.2 |
| Villagers / military | 67 / 23 |
Focus
⚔️ 48.5% · 🌾 51.5%
Monk ×12 · Fishing Ship ×12 · Knight ×11 · Unknown (2626) ×3
Feudal
13:10
Castle
25:37
Imperial
—
| APM avg | 25.2 |
| APM peak | 73 |
| eAPM avg | 14.5 |
| Villagers / military | 116 / 17 |
Focus
⚔️ 13.9% · 🌾 86.1%
Fishing Ship ×16 · Galley ×13 · Petard ×4
Feudal
13:57
Castle
17:43
Imperial
—
| APM avg | 33.1 |
| APM peak | 88 |
| eAPM avg | 16.4 |
| Villagers / military | 57 / 40 |
Focus
⚔️ 26.9% · 🌾 73.1%
Shrivamsha Rider ×28 · Fishing Ship ×8 · Monk ×5 · Mangonel ×4 · Armored Elephant ×2 · Transport Ship ×1
Feudal
14:51
Castle
19:07
Imperial
—
| APM avg | 28.0 |
| APM peak | 64 |
| eAPM avg | 13.0 |
| Villagers / military | 80 / 62 |
Focus
⚔️ 31.2% · 🌾 68.8%
Cavalry Archer ×56 · Fishing Ship ×11 · Archer ×2 · Skirmisher ×2 · Mangonel ×1 · Battering Ram ×1
Match map
Initial resources + every placement click. Lines = walls · curves = elevation contours. ◆ gold · ⬟ stone · ● berries · ✦ relic · ◌ wall gap
Your base· Open — 11t gap
Papitasx's base· Open — unwalled flank
Aleko's base· Open — 11t gap
bipeng2008's base· Open — unwalled flank
rama xstar's base· Open — unwalled flank
cowboy's base· Open — 5t gap
Sell_my_vills_for_wood's base· Open — 5t gap
TmZ_engbenelli's base· Open — unwalled flank
Smoothed initial terrain · ◌ = detected wall gap · hover for details
Inputs per minute
— koopa - - Papitasx
Build order — koopa
First 150 of 177 actions detected
| 0:16 | Build | Town Center |
| 0:47 | Build | Dock |
| 0:52 | Build | House |
| 2:36 | Create | Villager (Male) |
| 2:36 | Create | Villager (Male) |
| 2:36 | Create | Villager (Male) |
| 2:37 | Create | Villager (Male) |
| 2:37 | Create | Villager (Male) |
| 3:17 | Research | Loom |
| 3:36 | Create | Fishing Ship |
| 3:40 | Create | Villager (Male) |
| 4:10 | Build | House |
| 4:58 | Create | Villager (Male) |
| 4:58 | Create | Villager (Male) |
| 4:58 | Create | Villager (Male) |
| 5:12 | Create | Villager (Male) |
| 5:12 | Create | Villager (Male) |
| 5:42 | Build | House |
| 6:15 | Create | Villager (Male) |
| 6:15 | Create | Villager (Male) |
| 6:19 | Create | Fishing Ship |
| 6:19 | Create | Fishing Ship |
| 7:01 | Create | Villager (Male) |
| 7:02 | Create | Villager (Male) |
| 7:02 | Create | Villager (Male) |
| 7:08 | Create | Fishing Ship |
| 7:35 | Create | Fishing Ship |
| 7:35 | Create | Fishing Ship |
| 7:49 | Create | Villager (Male) |
| 7:49 | Create | Villager (Male) |
| 7:54 | Build | House |
| 7:58 | Create | Villager (Male) |
| 7:58 | Create | Villager (Male) |
| 8:25 | Create | Villager (Male) |
| 8:28 | Build | Lumber Camp |
| 8:34 | Create | Villager (Male) |
| 8:38 | Build | House |
| 9:05 | Create | Fishing Ship |
| 9:10 | Build | House |
| 9:39 | Build | Mill |
| 9:43 | Create | Villager (Male) |
| 9:43 | Create | Villager (Male) |
| 9:44 | Create | Villager (Male) |
| 9:57 | Build | Palisade Wall |
| 10:16 | Create | Villager (Male) |
| 10:22 | Create | Fishing Ship |
| 10:23 | Create | Fishing Ship |
| 10:44 | Create | Fishing Ship |
| 10:44 | Create | Fishing Ship |
| 11:10 | Build | House |
| 11:26 | Build | Palisade Gate |
| 11:33 | Build | Palisade Wall |
| 11:41 | Build | Mining Camp |
| 11:52 | Create | Fishing Ship |
| 12:32 | Build | Palisade Wall |
| 12:44 | Research | Feudal Age |
| 13:12 | Build | Palisade Wall |
| 13:15 | Build | Palisade Wall |
| 13:21 | Create | Villager (Male) |
| 13:21 | Create | Villager (Male) |
| 13:21 | Create | Villager (Male) |
| 13:22 | Create | Villager (Male) |
| 13:22 | Create | Villager (Male) |
| 13:37 | Build | Mining Camp |
| 14:54 | Age | Feudal Age |
| 15:00 | Build | Market |
| 15:05 | Research | Double-Bit Axe |
| 15:09 | Build | Blacksmith |
| 15:33 | Build | House |
| 15:37 | Build | Palisade Wall |
| 15:51 | Research | Wheelbarrow |
| 16:12 | Create | Fishing Ship |
| 17:34 | Research | Castle Age |
| 17:53 | Create | Villager (Male) |
| 17:58 | Build | Farm |
| 17:58 | Build | Farm |
| 18:04 | Build | Farm |
| 18:59 | Create | Villager (Male) |
| 18:59 | Create | Villager (Male) |
| 19:07 | Research | Horse Collar |
| 19:42 | Create | Villager (Male) |
| 19:48 | Build | Barracks |
| 20:14 | Age | Castle Age |
| 20:32 | Build | Castle |
| 20:36 | Create | Villager (Male) |
| 20:36 | Create | Villager (Male) |
| 20:55 | Create | Villager (Male) |
| 20:55 | Create | Villager (Male) |
| 21:51 | Create | Conquistador |
| 21:58 | Create | Villager (Male) |
| 22:09 | Build | Stable |
| 22:15 | Create | Villager (Male) |
| 22:22 | Create | Conquistador |
| 22:34 | Create | Conquistador |
| 22:45 | Create | Villager (Male) |
| 23:13 | Create | Conquistador |
| 23:30 | Build | Castle |
| 23:38 | Create | Villager (Male) |
| 23:45 | Create | Conquistador |
| 24:04 | Create | Conquistador |
| 24:57 | Create | Villager (Male) |
| 24:57 | Create | Villager (Male) |
| 25:08 | Build | Farm |
| 25:09 | Build | Farm |
| 25:09 | Build | Farm |
| 25:09 | Build | Farm |
| 25:09 | Build | Farm |
| 25:09 | Build | Farm |
| 25:40 | Build | Farm |
| 25:41 | Build | Farm |
| 25:44 | Build | Farm |
| 25:46 | Create | Villager (Male) |
| 25:47 | Create | Villager (Male) |
| 26:22 | Create | Conquistador |
| 26:23 | Create | Conquistador |
| 26:44 | Research | Bloodlines |
| 27:31 | Build | Mining Camp |
| 27:38 | Create | Conquistador |
| 27:38 | Create | Conquistador |
| 27:38 | Create | Conquistador |
| 27:39 | Create | Conquistador |
| 27:40 | Create | Villager (Male) |
| 27:40 | Create | Villager (Male) |
| 27:41 | Create | Villager (Male) |
| 28:07 | Create | Conquistador |
| 28:08 | Create | Conquistador |
| 28:08 | Create | Conquistador |
| 28:13 | Build | Lumber Camp |
| 28:20 | Build | Farm |
| 28:21 | Build | Farm |
| 28:51 | Build | Mining Camp |
| 29:01 | Create | Conquistador |
| 29:01 | Create | Conquistador |
| 30:07 | Create | Conquistador |
| 30:07 | Create | Conquistador |
| 30:07 | Create | Conquistador |
| 31:12 | Build | Watch Tower |
| 31:28 | Create | Conquistador |
| 31:29 | Create | Conquistador |
| 31:31 | Create | Villager (Male) |
| 31:31 | Create | Villager (Male) |
| 31:32 | Create | Villager (Male) |
| 31:33 | Create | Villager (Male) |
| 31:35 | Create | Villager (Male) |
| 31:35 | Create | Villager (Male) |
| 31:36 | Create | Villager (Male) |
| 31:57 | Create | Villager (Male) |
| 31:57 | Create | Villager (Male) |
| 31:59 | Create | Villager (Male) |
| 32:22 | Build | House |
Build order — Papitasx
First 150 of 182 actions detected
| 0:49 | Build | Town Center |
| 1:23 | Build | Dock |
| 1:27 | Build | House |
| 3:00 | Create | Villager (Male) |
| 3:00 | Create | Villager (Male) |
| 3:01 | Create | Villager (Male) |
| 3:01 | Create | Villager (Male) |
| 3:01 | Create | Villager (Male) |
| 3:43 | Create | Fishing Ship |
| 3:43 | Create | Fishing Ship |
| 4:15 | Create | Villager (Male) |
| 4:15 | Create | Villager (Male) |
| 4:29 | Create | Villager (Male) |
| 4:29 | Create | Villager (Male) |
| 4:48 | Build | House |
| 5:15 | Create | Villager (Male) |
| 5:15 | Create | Villager (Male) |
| 5:54 | Create | Fishing Ship |
| 5:58 | Create | Villager (Male) |
| 5:58 | Create | Villager (Male) |
| 6:15 | Build | House |
| 6:17 | Create | Villager (Male) |
| 6:40 | Create | Fishing Ship |
| 6:53 | Create | Villager (Male) |
| 6:58 | Build | House |
| 7:20 | Create | Villager (Male) |
| 7:21 | Create | Villager (Male) |
| 7:33 | Create | Fishing Ship |
| 7:36 | Build | House |
| 7:38 | Create | Villager (Male) |
| 8:08 | Create | Villager (Male) |
| 8:09 | Create | Villager (Male) |
| 8:09 | Create | Villager (Male) |
| 8:21 | Create | Fishing Ship |
| 8:43 | Create | Villager (Male) |
| 8:56 | Create | Villager (Male) |
| 9:01 | Create | Fishing Ship |
| 9:30 | Create | Villager (Male) |
| 9:35 | Build | House |
| 9:38 | Create | Villager (Male) |
| 9:53 | Build | Dock |
| 10:01 | Create | Villager (Male) |
| 10:31 | Build | Mining Camp |
| 10:34 | Create | Villager (Male) |
| 10:43 | Create | Fishing Ship |
| 10:57 | Research | Loom |
| 11:05 | Create | Fishing Ship |
| 11:40 | Research | Feudal Age |
| 11:59 | Build | Lumber Camp |
| 12:52 | Build | Dock |
| 12:57 | Create | Fishing Ship |
| 13:01 | Create | Fishing Ship |
| 13:18 | Build | House |
| 13:20 | Build | House |
| 13:24 | Create | Villager (Male) |
| 13:48 | Age | Feudal Age |
| 13:52 | Create | Unit 2626 |
| 13:52 | Create | Unit 2626 |
| 13:52 | Create | Unit 2626 |
| 13:56 | Create | Villager (Male) |
| 14:00 | Research | Town Watch |
| 14:01 | Create | Villager (Male) |
| 14:03 | Research | Double-Bit Axe |
| 14:20 | Build | Palisade Wall |
| 14:25 | Build | Palisade Wall |
| 14:27 | Create | Villager (Male) |
| 14:35 | Create | Villager (Male) |
| 14:50 | Create | Unit 2626 |
| 14:50 | Create | Unit 2626 |
| 14:54 | Create | Villager (Male) |
| 15:08 | Build | Palisade Wall |
| 15:09 | Build | Palisade Wall |
| 15:17 | Build | Palisade Wall |
| 15:36 | Create | Unit 2626 |
| 15:36 | Create | Unit 2626 |
| 15:37 | Create | Unit 2626 |
| 15:43 | Create | Villager (Male) |
| 15:51 | Build | House |
| 16:01 | Build | Dock |
| 16:10 | Research | Gold Mining |
| 16:14 | Build | Lumber Camp |
| 16:24 | Build | House |
| 16:34 | Build | House |
| 16:38 | Create | Villager (Male) |
| 16:44 | Create | Fire Galley |
| 16:45 | Create | Fire Galley |
| 16:45 | Create | Fire Galley |
| 16:45 | Create | Fire Galley |
| 17:22 | Create | Villager (Male) |
| 17:30 | Build | Watch Tower |
| 17:31 | Create | Villager (Male) |
| 17:35 | Build | Mining Camp |
| 17:39 | Build | Palisade Wall |
| 17:41 | Build | House |
| 17:43 | Create | Villager (Male) |
| 17:54 | Research | Wheelbarrow |
| 17:57 | Create | Villager (Male) |
| 18:05 | Create | Fire Galley |
| 18:05 | Create | Fire Galley |
| 18:16 | Create | Villager (Male) |
| 18:23 | Build | Blacksmith |
| 18:34 | Build | Mill |
| 18:38 | Build | Palisade Wall |
| 18:43 | Build | House |
| 18:45 | Create | Villager (Male) |
| 18:52 | Build | Dock |
| 19:02 | Create | Unit 2626 |
| 19:02 | Create | Unit 2626 |
| 19:03 | Create | Unit 2626 |
| 19:15 | Create | Villager (Male) |
| 19:17 | Research | Fletching |
| 19:18 | Research | Fletching |
| 19:27 | Create | Villager (Male) |
| 19:37 | Research | Tech 906 |
| 19:58 | Create | Fire Galley |
| 19:58 | Create | Fire Galley |
| 19:58 | Create | Fire Galley |
| 19:58 | Create | Fire Galley |
| 20:13 | Create | Villager (Male) |
| 20:33 | Research | Stone Mining |
| 20:52 | Build | Watch Tower |
| 20:56 | Create | Villager (Male) |
| 20:58 | Create | Villager (Male) |
| 21:04 | Build | House |
| 21:06 | Build | House |
| 21:20 | Create | Fire Galley |
| 21:20 | Create | Fire Galley |
| 21:21 | Create | Fire Galley |
| 21:21 | Create | Fire Galley |
| 21:29 | Create | Villager (Male) |
| 21:42 | Create | Villager (Male) |
| 23:05 | Build | Watch Tower |
| 24:04 | Build | Market |
| 24:43 | Research | Castle Age |
| 25:01 | Build | Watch Tower |
| 25:53 | Create | Villager (Male) |
| 26:06 | Build | Lumber Camp |
| 26:28 | Create | Fire Galley |
| 26:29 | Create | Fire Galley |
| 26:29 | Create | Fire Galley |
| 27:09 | Age | Castle Age |
| 27:13 | Build | University |
| 27:16 | Research | Bow Saw |
| 27:21 | Research | Bodkin Arrow |
| 27:37 | Build | Castle |
| 27:46 | Create | Villager (Male) |
| 28:08 | Research | Guard Tower (upgrade) |
| 28:30 | Build | Watch Tower |
| 28:36 | Create | Villager (Male) |
| 28:36 | Create | Villager (Male) |
Build order — Aleko
First 150 of 379 actions detected
| 0:06 | Build | Town Center |
| 0:53 | Build | Dock |
| 0:54 | Build | House |
| 2:25 | Create | Villager (Male) |
| 2:25 | Create | Villager (Male) |
| 2:26 | Create | Villager (Male) |
| 2:26 | Create | Villager (Male) |
| 3:39 | Create | Fishing Ship |
| 4:00 | Create | Villager (Male) |
| 4:28 | Create | Villager (Male) |
| 4:34 | Research | Loom |
| 4:48 | Build | House |
| 4:57 | Create | Villager (Male) |
| 5:14 | Create | Villager (Male) |
| 5:46 | Build | Palisade Wall |
| 5:47 | Build | Palisade Wall |
| 5:49 | Build | Palisade Wall |
| 5:55 | Create | Villager (Male) |
| 6:08 | Create | Fishing Ship |
| 6:21 | Build | House |
| 6:25 | Create | Villager (Male) |
| 6:25 | Create | Villager (Male) |
| 6:44 | Create | Villager (Male) |
| 6:44 | Create | Villager (Male) |
| 6:54 | Create | Fishing Ship |
| 6:54 | Create | Fishing Ship |
| 7:19 | Create | Villager (Male) |
| 7:29 | Build | House |
| 7:30 | Build | House |
| 7:36 | Create | Villager (Male) |
| 7:48 | Create | Fishing Ship |
| 7:48 | Create | Fishing Ship |
| 7:55 | Create | Villager (Male) |
| 8:17 | Create | Fishing Ship |
| 8:21 | Create | Villager (Male) |
| 8:22 | Create | Villager (Male) |
| 8:37 | Create | Fishing Ship |
| 8:45 | Create | Villager (Male) |
| 8:56 | Build | House |
| 8:59 | Build | Lumber Camp |
| 9:04 | Create | Villager (Male) |
| 9:17 | Create | Fishing Ship |
| 9:17 | Create | Fishing Ship |
| 9:18 | Create | Villager (Male) |
| 9:52 | Create | Fishing Ship |
| 9:53 | Create | Villager (Male) |
| 10:07 | Build | House |
| 10:39 | Create | Villager (Male) |
| 10:44 | Create | Fishing Ship |
| 10:52 | Build | Mining Camp |
| 11:12 | Create | Villager (Male) |
| 11:27 | Build | Mill |
| 11:40 | Research | Feudal Age |
| 11:41 | Research | Feudal Age |
| 11:53 | Build | Dock |
| 11:58 | Create | Fishing Ship |
| 12:55 | Build | House |
| 13:02 | Create | Fishing Ship |
| 13:02 | Create | Fishing Ship |
| 13:04 | Create | Villager (Male) |
| 13:18 | Create | Villager (Male) |
| 13:50 | Age | Feudal Age |
| 13:57 | Create | Unit 2626 |
| 13:57 | Create | Unit 2626 |
| 14:00 | Build | Blacksmith |
| 14:23 | Build | Market |
| 14:31 | Create | Villager (Male) |
| 14:56 | Create | Unit 2626 |
| 14:56 | Create | Unit 2626 |
| 15:00 | Build | House |
| 15:29 | Build | Dock |
| 15:34 | Research | Castle Age |
| 15:59 | Research | Double-Bit Axe |
| 15:59 | Research | Double-Bit Axe |
| 16:18 | Build | House |
| 16:18 | Build | House |
| 16:28 | Create | Fire Galley |
| 16:28 | Create | Unit 2626 |
| 16:31 | Create | Fire Galley |
| 17:23 | Create | Fire Galley |
| 17:23 | Create | Fire Galley |
| 17:26 | Research | Tech 906 |
| 17:26 | Research | Tech 906 |
| 17:35 | Create | Fishing Ship |
| 17:41 | Create | Villager (Male) |
| 17:41 | Create | Villager (Male) |
| 17:41 | Create | Villager (Male) |
| 18:14 | Age | Castle Age |
| 18:19 | Research | War Galley (upgrade) |
| 18:19 | Research | Gillnets |
| 18:21 | Research | Bow Saw |
| 18:21 | Research | Bow Saw |
| 18:41 | Create | Fishing Ship |
| 19:10 | Create | Villager (Male) |
| 19:11 | Create | Villager (Male) |
| 19:11 | Create | Villager (Male) |
| 19:12 | Create | Villager (Male) |
| 19:19 | Build | Town Center |
| 19:39 | Create | Fishing Ship |
| 19:39 | Create | Fishing Ship |
| 19:43 | Build | House |
| 20:07 | Create | Fishing Ship |
| 20:09 | Build | House |
| 20:29 | Create | Fire Galley |
| 20:29 | Create | Fire Galley |
| 20:48 | Create | Villager (Male) |
| 20:48 | Create | Villager (Male) |
| 20:49 | Create | Villager (Male) |
| 21:00 | Build | Town Center |
| 21:03 | Build | Lumber Camp |
| 21:13 | Build | Monastery |
| 21:15 | Create | Villager (Male) |
| 21:20 | Create | Villager (Male) |
| 21:20 | Create | Villager (Male) |
| 21:20 | Create | Villager (Male) |
| 21:21 | Create | Villager (Male) |
| 21:21 | Create | Villager (Male) |
| 21:21 | Create | Villager (Male) |
| 21:21 | Create | Villager (Male) |
| 21:26 | Create | Unit 2626 |
| 21:26 | Create | Unit 2626 |
| 21:31 | Create | Unit 2626 |
| 21:52 | Build | House |
| 22:04 | Create | Villager (Male) |
| 22:04 | Create | Villager (Male) |
| 22:05 | Create | Villager (Male) |
| 22:13 | Create | Fire Galley |
| 22:21 | Create | Villager (Male) |
| 22:22 | Create | Villager (Male) |
| 22:22 | Create | Villager (Male) |
| 22:23 | Create | Villager (Male) |
| 22:24 | Research | Horse Collar |
| 22:32 | Build | Farm |
| 22:35 | Build | Farm |
| 22:38 | Build | Farm |
| 22:40 | Build | Farm |
| 22:40 | Build | Farm |
| 22:48 | Create | Fire Galley |
| 22:48 | Create | Fire Galley |
| 22:48 | Create | Fire Galley |
| 22:55 | Build | House |
| 22:56 | Build | House |
| 22:58 | Build | Farm |
| 23:01 | Create | Villager (Male) |
| 23:01 | Create | Villager (Male) |
| 23:01 | Create | Villager (Male) |
| 23:07 | Research | Gold Mining |
| 23:08 | Research | Gold Mining |
| 23:17 | Create | Monk |
| 23:21 | Build | Farm |
Build order — bipeng2008
First 150 of 310 actions detected
| 0:40 | Build | Town Center |
| 1:26 | Build | Dock |
| 1:27 | Build | House |
| 2:46 | Create | Villager (Male) |
| 2:46 | Create | Villager (Male) |
| 2:47 | Create | Villager (Male) |
| 2:47 | Create | Villager (Male) |
| 4:05 | Create | Fishing Ship |
| 4:15 | Create | Villager (Male) |
| 4:32 | Research | Loom |
| 4:45 | Create | Villager (Male) |
| 5:04 | Build | House |
| 5:20 | Create | Villager (Male) |
| 6:03 | Create | Villager (Male) |
| 6:03 | Create | Villager (Male) |
| 6:23 | Create | Fishing Ship |
| 6:28 | Create | Villager (Male) |
| 6:37 | Build | House |
| 6:48 | Create | Villager (Male) |
| 6:48 | Create | Villager (Male) |
| 7:17 | Create | Villager (Male) |
| 7:24 | Create | Fishing Ship |
| 7:43 | Create | Villager (Male) |
| 7:44 | Create | Villager (Male) |
| 8:01 | Create | Fishing Ship |
| 8:03 | Build | House |
| 8:11 | Create | Villager (Male) |
| 8:20 | Build | House |
| 8:28 | Create | Villager (Male) |
| 8:39 | Create | Fishing Ship |
| 8:58 | Build | Palisade Wall |
| 9:02 | Build | Palisade Wall |
| 9:04 | Create | Villager (Male) |
| 9:06 | Create | Villager (Male) |
| 9:09 | Create | Fishing Ship |
| 9:34 | Create | Villager (Male) |
| 9:39 | Create | Fishing Ship |
| 10:10 | Create | Villager (Male) |
| 10:12 | Build | Palisade Wall |
| 10:29 | Create | Fishing Ship |
| 10:32 | Build | Dock |
| 10:41 | Create | Villager (Male) |
| 10:50 | Build | House |
| 10:55 | Create | Villager (Male) |
| 11:09 | Create | Villager (Male) |
| 11:10 | Build | House |
| 11:28 | Create | Fishing Ship |
| 11:28 | Create | Fishing Ship |
| 11:30 | Build | House |
| 11:45 | Create | Villager (Male) |
| 11:56 | Build | Mining Camp |
| 12:26 | Research | Feudal Age |
| 12:28 | Create | Fishing Ship |
| 13:11 | Build | Barracks |
| 13:46 | Build | House |
| 14:28 | Create | Villager (Male) |
| 14:43 | Age | Feudal Age |
| 14:48 | Build | Archery Range |
| 14:49 | Create | Villager (Male) |
| 14:51 | Build | Blacksmith |
| 15:04 | Build | Lumber Camp |
| 15:10 | Create | Villager (Male) |
| 15:22 | Build | House |
| 15:30 | Create | Unit 2626 |
| 15:36 | Research | Castle Age |
| 15:49 | Build | House |
| 15:51 | Build | Palisade Wall |
| 15:53 | Build | Palisade Wall |
| 16:00 | Create | Unit 2626 |
| 16:06 | Research | Padded Archer Armor |
| 16:18 | Research | Double-Bit Axe |
| 16:26 | Build | Palisade Wall |
| 16:37 | Research | Fletching |
| 17:03 | Create | Unit 2626 |
| 17:10 | Build | Archery Range |
| 17:59 | Build | Stable |
| 18:18 | Age | Castle Age |
| 18:22 | Create | Cavalry Archer |
| 18:22 | Create | Cavalry Archer |
| 18:24 | Research | Bodkin Arrow |
| 18:25 | Create | Villager (Male) |
| 18:39 | Create | Villager (Male) |
| 18:47 | Research | Husbandry |
| 19:05 | Create | Villager (Male) |
| 19:06 | Create | Cavalry Archer |
| 19:08 | Create | Cavalry Archer |
| 19:25 | Create | Villager (Male) |
| 19:34 | Build | Town Center |
| 19:52 | Create | Villager (Male) |
| 19:54 | Create | Cavalry Archer |
| 19:54 | Create | Cavalry Archer |
| 20:01 | Create | Villager (Male) |
| 20:19 | Research | Town Watch |
| 20:19 | Research | Wheelbarrow |
| 20:42 | Build | University |
| 20:47 | Create | Villager (Male) |
| 20:48 | Create | Villager (Male) |
| 20:53 | Create | Cavalry Archer |
| 20:54 | Create | Cavalry Archer |
| 21:20 | Build | Siege Workshop |
| 21:24 | Create | Villager (Male) |
| 21:26 | Create | Cavalry Archer |
| 21:27 | Create | Cavalry Archer |
| 21:43 | Build | Mill |
| 21:52 | Create | Cavalry Archer |
| 21:52 | Create | Cavalry Archer |
| 21:57 | Create | Villager (Male) |
| 22:20 | Create | Villager (Male) |
| 22:37 | Create | Villager (Male) |
| 22:44 | Build | Town Center |
| 22:58 | Build | Farm |
| 22:59 | Build | Farm |
| 23:01 | Build | Farm |
| 23:02 | Build | Farm |
| 23:28 | Create | Villager (Male) |
| 23:28 | Create | Villager (Male) |
| 23:28 | Create | Villager (Male) |
| 23:29 | Create | Villager (Male) |
| 23:29 | Create | Villager (Male) |
| 23:29 | Create | Villager (Male) |
| 23:32 | Build | Farm |
| 23:54 | Create | Cavalry Archer |
| 23:54 | Create | Cavalry Archer |
| 24:00 | Create | Villager (Male) |
| 24:00 | Create | Villager (Male) |
| 24:01 | Create | Villager (Male) |
| 24:27 | Research | Ballistics |
| 24:28 | Research | Ballistics |
| 24:29 | Create | Villager (Male) |
| 24:29 | Create | Villager (Male) |
| 24:38 | Create | Cavalry Archer |
| 24:38 | Create | Cavalry Archer |
| 24:39 | Create | Villager (Male) |
| 24:46 | Build | Farm |
| 24:57 | Build | Farm |
| 25:00 | Create | Cavalry Archer |
| 25:01 | Create | Villager (Male) |
| 25:09 | Create | Villager (Male) |
| 25:10 | Create | Villager (Male) |
| 25:12 | Build | Lumber Camp |
| 25:26 | Create | Villager (Male) |
| 25:31 | Create | Cavalry Archer |
| 25:31 | Create | Cavalry Archer |
| 25:33 | Create | Villager (Male) |
| 25:34 | Create | Villager (Male) |
| 25:34 | Create | Villager (Male) |
| 25:58 | Create | Villager (Male) |
| 26:01 | Create | Villager (Male) |
| 26:03 | Build | Farm |
| 26:04 | Build | Farm |
Build order — rama xstar
First 150 of 181 actions detected
| 0:11 | Build | Town Center |
| 0:31 | Build | House |
| 1:03 | Build | Dock |
| 2:35 | Create | Villager (Male) |
| 2:35 | Create | Villager (Male) |
| 2:35 | Create | Villager (Male) |
| 2:36 | Create | Villager (Male) |
| 2:51 | Create | Villager (Male) |
| 2:51 | Create | Villager (Male) |
| 3:49 | Create | Villager (Male) |
| 3:49 | Create | Villager (Male) |
| 4:14 | Create | Fishing Ship |
| 4:14 | Create | Fishing Ship |
| 4:16 | Build | Palisade Wall |
| 4:55 | Build | House |
| 5:23 | Create | Villager (Male) |
| 5:23 | Create | Villager (Male) |
| 5:35 | Research | Loom |
| 5:37 | Build | House |
| 5:43 | Build | Palisade Wall |
| 5:45 | Create | Villager (Male) |
| 5:53 | Build | Palisade Wall |
| 6:04 | Build | Palisade Wall |
| 6:21 | Create | Villager (Male) |
| 6:21 | Create | Villager (Male) |
| 6:25 | Create | Fishing Ship |
| 6:25 | Create | Fishing Ship |
| 6:37 | Create | Villager (Male) |
| 6:48 | Build | House |
| 6:54 | Create | Villager (Male) |
| 6:54 | Create | Villager (Male) |
| 7:25 | Create | Fishing Ship |
| 7:25 | Create | Fishing Ship |
| 7:34 | Create | Villager (Male) |
| 7:34 | Create | Villager (Male) |
| 7:58 | Build | House |
| 8:25 | Create | Fishing Ship |
| 8:35 | Create | Villager (Male) |
| 8:35 | Create | Villager (Male) |
| 8:51 | Create | Villager (Male) |
| 8:51 | Create | Villager (Male) |
| 8:52 | Create | Villager (Male) |
| 8:56 | Build | House |
| 8:58 | Create | Fishing Ship |
| 8:59 | Create | Villager (Male) |
| 9:34 | Create | Villager (Male) |
| 9:56 | Build | Lumber Camp |
| 10:01 | Create | Villager (Male) |
| 10:11 | Create | Villager (Male) |
| 10:22 | Build | Dock |
| 10:40 | Create | Villager (Male) |
| 10:50 | Create | Fishing Ship |
| 11:11 | Research | Feudal Age |
| 11:11 | Research | Feudal Age |
| 11:29 | Build | Mining Camp |
| 11:39 | Create | Villager (Male) |
| 11:39 | Create | Villager (Male) |
| 11:41 | Create | Villager (Male) |
| 11:58 | Create | Villager (Male) |
| 11:58 | Create | Villager (Male) |
| 12:29 | Build | House |
| 12:56 | Create | Villager (Male) |
| 13:07 | Create | Villager (Male) |
| 13:12 | Create | Villager (Male) |
| 13:21 | Age | Feudal Age |
| 13:23 | Create | Unit 2626 |
| 13:23 | Create | Unit 2626 |
| 13:26 | Create | Villager (Male) |
| 13:29 | Research | Double-Bit Axe |
| 13:29 | Research | Double-Bit Axe |
| 13:56 | Create | Unit 2626 |
| 13:57 | Create | Villager (Male) |
| 14:09 | Build | Mill |
| 14:44 | Create | Villager (Male) |
| 15:12 | Create | Villager (Male) |
| 15:36 | Create | Villager (Male) |
| 15:38 | Build | Market |
| 15:41 | Research | Town Watch |
| 15:47 | Research | Wheelbarrow |
| 15:47 | Research | Wheelbarrow |
| 16:22 | Build | Blacksmith |
| 16:50 | Research | Castle Age |
| 16:50 | Research | Castle Age |
| 16:57 | Research | Horse Collar |
| 16:57 | Research | Horse Collar |
| 17:27 | Build | Farm |
| 17:29 | Build | Farm |
| 17:31 | Build | Farm |
| 17:39 | Research | Gold Mining |
| 17:39 | Research | Gold Mining |
| 18:16 | Build | Barracks |
| 18:54 | Build | Farm |
| 19:28 | Build | Stable |
| 19:38 | Create | Villager (Male) |
| 19:42 | Age | Castle Age |
| 19:50 | Research | Bow Saw |
| 19:54 | Build | Monastery |
| 20:01 | Build | House |
| 20:16 | Build | Palisade Wall |
| 20:19 | Build | Stone Wall |
| 20:24 | Build | Palisade Wall |
| 20:25 | Build | Palisade Wall |
| 20:35 | Build | Palisade Wall |
| 20:37 | Build | House |
| 20:42 | Build | Palisade Wall |
| 20:44 | Build | Palisade Wall |
| 20:46 | Build | House |
| 20:49 | Build | Palisade Wall |
| 21:10 | Create | Monk |
| 21:16 | Create | Villager (Male) |
| 21:17 | Create | Villager (Male) |
| 21:20 | Create | Monk |
| 21:38 | Create | Knight |
| 22:09 | Create | Knight |
| 22:50 | Create | Monk |
| 24:10 | Create | Monk |
| 24:11 | Create | Villager (Male) |
| 24:15 | Create | Villager (Male) |
| 24:15 | Create | Villager (Male) |
| 24:23 | Build | Dock |
| 24:38 | Create | Villager (Male) |
| 25:09 | Create | Monk |
| 25:23 | Build | House |
| 25:24 | Build | House |
| 25:30 | Create | Villager (Male) |
| 25:33 | Build | Palisade Wall |
| 25:34 | Build | Palisade Wall |
| 25:37 | Create | Fishing Ship |
| 25:39 | Create | Villager (Male) |
| 26:04 | Create | Monk |
| 26:07 | Build | Monastery |
| 26:27 | Build | Town Center |
| 26:37 | Create | Villager (Male) |
| 26:51 | Create | Monk |
| 27:49 | Create | Monk |
| 27:51 | Create | Monk |
| 27:52 | Create | Villager (Male) |
| 28:07 | Build | Farm |
| 28:07 | Build | Farm |
| 28:08 | Build | Farm |
| 28:08 | Build | Farm |
| 28:08 | Build | Farm |
| 28:08 | Build | Farm |
| 28:14 | Create | Fishing Ship |
| 28:14 | Create | Fishing Ship |
| 28:18 | Create | Villager (Male) |
| 28:55 | Research | Sanctity |
| 29:09 | Research | Redemption |
| 29:32 | Create | Knight |
| 29:32 | Create | Villager (Male) |
Build order — cowboy
First 150 of 240 actions detected
| 0:06 | Build | Town Center |
| 2:32 | Research | Loom |
| 3:10 | Build | Dock |
| 3:47 | Create | Fishing Ship |
| 4:11 | Create | Fishing Ship |
| 5:06 | Create | Fishing Ship |
| 5:20 | Create | Villager (Male) |
| 5:36 | Create | Fishing Ship |
| 6:06 | Create | Villager (Male) |
| 6:21 | Create | Fishing Ship |
| 6:22 | Create | Fishing Ship |
| 6:33 | Build | House |
| 6:37 | Create | Villager (Male) |
| 6:38 | Create | Villager (Male) |
| 7:11 | Create | Fishing Ship |
| 7:28 | Create | Fishing Ship |
| 7:29 | Create | Villager (Male) |
| 7:29 | Create | Villager (Male) |
| 7:55 | Create | Villager (Male) |
| 7:55 | Create | Villager (Male) |
| 8:12 | Create | Fishing Ship |
| 8:39 | Create | Fishing Ship |
| 8:44 | Create | Villager (Male) |
| 8:53 | Build | House |
| 9:10 | Create | Villager (Male) |
| 9:23 | Create | Villager (Male) |
| 9:23 | Create | Villager (Male) |
| 9:24 | Create | Villager (Male) |
| 9:26 | Create | Fishing Ship |
| 9:26 | Create | Fishing Ship |
| 10:22 | Build | Mill |
| 10:24 | Create | Villager (Male) |
| 10:25 | Create | Villager (Male) |
| 10:42 | Build | House |
| 10:48 | Build | House |
| 11:00 | Research | Feudal Age |
| 11:53 | Build | Dock |
| 12:38 | Create | Villager (Male) |
| 12:38 | Create | Villager (Male) |
| 13:07 | Create | Villager (Male) |
| 13:07 | Create | Villager (Male) |
| 13:10 | Age | Feudal Age |
| 13:11 | Create | Galley |
| 13:11 | Create | Galley |
| 13:19 | Build | Watch Tower |
| 13:22 | Build | Palisade Wall |
| 13:24 | Build | Palisade Wall |
| 13:44 | Create | Galley |
| 13:57 | Create | Villager (Male) |
| 13:57 | Create | Villager (Male) |
| 14:20 | Create | Galley |
| 14:58 | Create | Galley |
| 14:59 | Create | Villager (Male) |
| 14:59 | Create | Villager (Male) |
| 15:24 | Create | Galley |
| 15:43 | Build | House |
| 15:44 | Build | House |
| 15:44 | Build | House |
| 15:52 | Create | Villager (Male) |
| 15:52 | Create | Villager (Male) |
| 15:53 | Create | Villager (Male) |
| 15:53 | Create | Villager (Male) |
| 16:29 | Create | Galley |
| 16:29 | Create | Galley |
| 16:58 | Create | Villager (Male) |
| 16:59 | Create | Villager (Male) |
| 16:59 | Create | Villager (Male) |
| 17:24 | Create | Galley |
| 17:24 | Create | Galley |
| 17:26 | Create | Villager (Male) |
| 17:26 | Create | Villager (Male) |
| 17:26 | Create | Villager (Male) |
| 17:33 | Create | Villager (Male) |
| 17:37 | Build | Lumber Camp |
| 18:24 | Build | Blacksmith |
| 19:04 | Create | Galley |
| 19:05 | Create | Galley |
| 19:12 | Create | Galley |
| 19:16 | Research | Fletching |
| 19:24 | Build | House |
| 19:25 | Build | House |
| 19:26 | Build | House |
| 19:26 | Build | House |
| 19:26 | Build | House |
| 20:13 | Create | Villager (Male) |
| 20:13 | Create | Villager (Male) |
| 20:13 | Create | Villager (Male) |
| 20:13 | Create | Villager (Male) |
| 20:14 | Create | Villager (Male) |
| 20:14 | Create | Villager (Male) |
| 20:16 | Build | Mining Camp |
| 20:19 | Research | Double-Bit Axe |
| 20:34 | Build | Palisade Wall |
| 20:37 | Build | Palisade Wall |
| 20:39 | Build | Palisade Wall |
| 20:40 | Build | Palisade Wall |
| 20:40 | Build | Palisade Wall |
| 20:49 | Build | Palisade Wall |
| 21:29 | Create | Villager (Male) |
| 21:29 | Create | Villager (Male) |
| 21:34 | Build | Market |
| 21:37 | Build | Farm |
| 21:38 | Build | Farm |
| 21:38 | Build | Farm |
| 21:38 | Build | Farm |
| 21:39 | Build | Farm |
| 21:39 | Build | Farm |
| 21:39 | Build | Farm |
| 21:39 | Build | Farm |
| 21:40 | Build | Farm |
| 22:57 | Research | Castle Age |
| 24:08 | Create | Villager (Male) |
| 24:08 | Create | Villager (Male) |
| 25:37 | Age | Castle Age |
| 26:25 | Create | Villager (Male) |
| 26:25 | Create | Villager (Male) |
| 26:34 | Create | Villager (Male) |
| 26:34 | Create | Villager (Male) |
| 26:34 | Create | Villager (Male) |
| 26:34 | Create | Villager (Male) |
| 26:34 | Create | Villager (Male) |
| 26:50 | Build | Town Center |
| 27:02 | Build | Town Center |
| 27:17 | Create | Fishing Ship |
| 27:17 | Create | Fishing Ship |
| 27:17 | Create | Fishing Ship |
| 27:17 | Create | Fishing Ship |
| 28:02 | Create | Villager (Male) |
| 28:02 | Create | Villager (Male) |
| 28:02 | Create | Villager (Male) |
| 28:02 | Create | Villager (Male) |
| 28:03 | Create | Villager (Male) |
| 28:03 | Create | Villager (Male) |
| 28:03 | Create | Villager (Male) |
| 28:03 | Create | Villager (Male) |
| 28:03 | Create | Villager (Male) |
| 28:04 | Create | Villager (Male) |
| 28:10 | Research | Wheelbarrow |
| 28:23 | Build | Town Center |
| 28:26 | Create | Villager (Male) |
| 28:26 | Create | Villager (Male) |
| 28:26 | Create | Villager (Male) |
| 28:26 | Create | Villager (Male) |
| 28:27 | Create | Villager (Male) |
| 28:27 | Create | Villager (Male) |
| 28:27 | Create | Villager (Male) |
| 28:27 | Create | Villager (Male) |
| 28:27 | Create | Villager (Male) |
| 29:36 | Create | Villager (Male) |
| 29:36 | Create | Villager (Male) |
Build order — Sell_my_vills_for_wood
First 150 of 159 actions detected
| 0:05 | Build | Town Center |
| 1:12 | Build | Dock |
| 1:42 | Build | House |
| 1:44 | Build | Palisade Wall |
| 2:42 | Create | Villager (Male) |
| 2:43 | Create | Villager (Male) |
| 2:43 | Create | Villager (Male) |
| 2:45 | Create | Villager (Male) |
| 4:04 | Create | Fishing Ship |
| 4:15 | Build | House |
| 4:21 | Create | Villager (Male) |
| 5:24 | Create | Villager (Male) |
| 5:50 | Research | Loom |
| 5:54 | Create | Fishing Ship |
| 5:54 | Create | Transport Ship |
| 6:17 | Create | Villager (Male) |
| 6:17 | Create | Villager (Male) |
| 6:33 | Create | Fishing Ship |
| 6:41 | Build | House |
| 6:59 | Create | Villager (Male) |
| 7:18 | Create | Villager (Male) |
| 7:21 | Create | Fishing Ship |
| 7:36 | Create | Villager (Male) |
| 7:54 | Create | Villager (Male) |
| 8:03 | Create | Villager (Male) |
| 8:06 | Build | House |
| 8:12 | Create | Fishing Ship |
| 8:45 | Create | Villager (Male) |
| 8:49 | Create | Fishing Ship |
| 8:49 | Create | Fishing Ship |
| 8:51 | Build | House |
| 8:56 | Create | Villager (Male) |
| 9:17 | Create | Villager (Male) |
| 9:29 | Create | Villager (Male) |
| 9:30 | Create | Fishing Ship |
| 10:04 | Build | Mining Camp |
| 10:04 | Create | Villager (Male) |
| 11:16 | Create | Villager (Male) |
| 11:37 | Create | Villager (Male) |
| 11:47 | Research | Feudal Age |
| 12:09 | Build | Mill |
| 12:41 | Build | House |
| 13:25 | Build | Lumber Camp |
| 13:32 | Create | Villager (Male) |
| 13:32 | Create | Villager (Male) |
| 13:57 | Age | Feudal Age |
| 14:03 | Build | Market |
| 14:07 | Build | Blacksmith |
| 15:03 | Research | Castle Age |
| 15:14 | Build | Barracks |
| 16:03 | Create | Villager (Male) |
| 16:18 | Build | Stable |
| 16:37 | Build | House |
| 16:50 | Create | Villager (Male) |
| 17:30 | Build | Stable |
| 17:43 | Age | Castle Age |
| 17:56 | Create | Shrivamsha Rider |
| 17:56 | Create | Shrivamsha Rider |
| 18:27 | Create | Shrivamsha Rider |
| 18:28 | Create | Shrivamsha Rider |
| 18:32 | Research | Scale Barding Armor |
| 18:33 | Create | Villager (Male) |
| 18:42 | Build | Farm |
| 18:45 | Build | Farm |
| 18:51 | Create | Shrivamsha Rider |
| 18:52 | Create | Shrivamsha Rider |
| 19:13 | Create | Shrivamsha Rider |
| 19:14 | Create | Villager (Male) |
| 19:27 | Create | Villager (Male) |
| 19:37 | Build | Farm |
| 19:38 | Build | Farm |
| 19:50 | Create | Shrivamsha Rider |
| 19:50 | Create | Shrivamsha Rider |
| 19:54 | Build | House |
| 20:28 | Create | Villager (Male) |
| 20:53 | Create | Shrivamsha Rider |
| 20:54 | Create | Shrivamsha Rider |
| 20:54 | Create | Shrivamsha Rider |
| 20:57 | Build | House |
| 21:00 | Build | Farm |
| 21:01 | Create | Villager (Male) |
| 21:11 | Create | Villager (Male) |
| 21:33 | Create | Villager (Male) |
| 21:54 | Create | Shrivamsha Rider |
| 22:02 | Create | Villager (Male) |
| 22:19 | Create | Villager (Male) |
| 22:39 | Create | Villager (Male) |
| 23:01 | Create | Villager (Male) |
| 23:15 | Build | Siege Workshop |
| 23:35 | Build | Lumber Camp |
| 23:38 | Build | Farm |
| 23:39 | Build | Farm |
| 23:41 | Build | Farm |
| 23:57 | Create | Villager (Male) |
| 24:10 | Create | Shrivamsha Rider |
| 24:10 | Create | Shrivamsha Rider |
| 24:13 | Build | Farm |
| 24:16 | Build | House |
| 24:49 | Create | Mangonel |
| 24:53 | Build | House |
| 24:53 | Create | Villager (Male) |
| 25:21 | Create | Shrivamsha Rider |
| 25:21 | Create | Shrivamsha Rider |
| 25:24 | Build | House |
| 25:27 | Build | Farm |
| 25:31 | Build | Farm |
| 25:31 | Create | Villager (Male) |
| 26:02 | Build | Monastery |
| 26:08 | Create | Villager (Male) |
| 26:24 | Create | Villager (Male) |
| 26:24 | Create | Villager (Male) |
| 26:44 | Create | Villager (Male) |
| 26:47 | Build | House |
| 26:47 | Create | Villager (Male) |
| 26:50 | Create | Monk |
| 26:50 | Create | Monk |
| 26:54 | Create | Shrivamsha Rider |
| 26:54 | Create | Shrivamsha Rider |
| 26:55 | Create | Villager (Male) |
| 27:01 | Build | House |
| 27:21 | Create | Villager (Male) |
| 27:32 | Create | Villager (Male) |
| 27:46 | Create | Mangonel |
| 27:50 | Build | House |
| 27:52 | Create | Villager (Male) |
| 27:53 | Create | Villager (Male) |
| 27:55 | Build | Farm |
| 27:56 | Create | Villager (Male) |
| 28:05 | Create | Mangonel |
| 28:06 | Create | Villager (Male) |
| 28:08 | Build | House |
| 28:17 | Build | Farm |
| 28:20 | Build | Farm |
| 28:23 | Build | Farm |
| 28:24 | Create | Villager (Male) |
| 28:33 | Build | Mining Camp |
| 28:56 | Create | Mangonel |
| 29:01 | Create | Shrivamsha Rider |
| 29:02 | Create | Shrivamsha Rider |
| 29:02 | Create | Shrivamsha Rider |
| 29:23 | Create | Villager (Male) |
| 29:29 | Build | Mining Camp |
| 29:35 | Create | Shrivamsha Rider |
| 29:35 | Create | Shrivamsha Rider |
| 29:43 | Create | Monk |
| 30:42 | Create | Armored Elephant |
| 30:43 | Create | Armored Elephant |
| 30:47 | Build | Farm |
| 31:38 | Create | Villager (Male) |
| 31:43 | Create | Shrivamsha Rider |
Build order — TmZ_engbenelli
First 150 of 209 actions detected
| 0:32 | Build | Town Center |
| 0:58 | Build | Dock |
| 1:02 | Build | House |
| 3:13 | Create | Villager (Male) ×4 |
| 3:13 | Create | Villager (Male) ×4 |
| 4:23 | Create | Villager (Male) |
| 4:23 | Create | Villager (Male) |
| 4:41 | Create | Fishing Ship |
| 4:41 | Create | Fishing Ship |
| 4:41 | Create | Fishing Ship |
| 4:58 | Build | House |
| 5:19 | Research | Loom |
| 5:48 | Create | Villager (Male) |
| 5:49 | Create | Villager (Male) |
| 5:49 | Create | Villager (Male) |
| 5:54 | Create | Fishing Ship |
| 6:22 | Create | Villager (Male) |
| 6:24 | Create | Fishing Ship |
| 6:52 | Create | Fishing Ship |
| 6:53 | Create | Villager (Male) |
| 6:53 | Create | Villager (Male) |
| 7:04 | Build | House |
| 7:25 | Create | Villager (Male) |
| 7:52 | Create | Villager (Male) |
| 8:04 | Create | Fishing Ship |
| 8:37 | Build | Mill |
| 8:52 | Create | Villager (Male) |
| 8:52 | Create | Villager (Male) |
| 9:06 | Build | House |
| 9:44 | Create | Villager (Male) |
| 9:46 | Create | Fishing Ship |
| 10:09 | Create | Villager (Male) |
| 10:11 | Create | Fishing Ship |
| 10:22 | Create | Villager (Male) |
| 10:51 | Create | Villager (Male) |
| 10:52 | Create | Villager (Male) |
| 10:59 | Create | Fishing Ship |
| 11:09 | Build | House |
| 11:35 | Create | Villager (Male) |
| 11:35 | Create | Villager (Male) |
| 11:44 | Build | Mining Camp |
| 12:27 | Research | Feudal Age |
| 12:44 | Create | Villager (Male) |
| 12:48 | Create | Fishing Ship |
| 12:59 | Build | House |
| 13:19 | Build | Palisade Wall |
| 13:24 | Build | Palisade Wall |
| 13:45 | Build | Palisade Wall |
| 14:51 | Age | Feudal Age |
| 14:57 | Build | Market |
| 15:07 | Create | Villager (Male) |
| 15:37 | Build | Blacksmith |
| 15:42 | Create | Villager (Male) |
| 16:27 | Research | Castle Age |
| 16:42 | Build | Barracks |
| 18:11 | Build | Archery Range |
| 18:29 | Create | Villager (Male) |
| 18:30 | Create | Villager (Male) |
| 18:37 | Research | Gold Mining |
| 18:44 | Research | Fletching |
| 18:53 | Build | Archery Range |
| 19:07 | Age | Castle Age |
| 19:11 | Create | Villager (Male) |
| 19:17 | Create | Cavalry Archer ×3 |
| 19:33 | Research | Padded Archer Armor |
| 19:34 | Create | Villager (Male) |
| 19:52 | Create | Cavalry Archer |
| 19:54 | Create | Villager (Male) |
| 20:20 | Build | House |
| 20:29 | Create | Cavalry Archer |
| 20:30 | Create | Cavalry Archer |
| 20:30 | Create | Villager (Male) |
| 21:03 | Research | Bodkin Arrow |
| 21:05 | Create | Cavalry Archer |
| 21:08 | Create | Villager (Male) |
| 21:14 | Build | Lumber Camp |
| 21:16 | Create | Villager (Male) |
| 21:25 | Create | Cavalry Archer |
| 21:44 | Create | Cavalry Archer |
| 21:45 | Create | Villager (Male) |
| 21:51 | Create | Villager (Male) |
| 21:52 | Research | Double-Bit Axe |
| 21:52 | Research | Double-Bit Axe |
| 21:53 | Research | Double-Bit Axe |
| 22:31 | Create | Skirmisher |
| 22:31 | Create | Skirmisher |
| 22:34 | Create | Cavalry Archer |
| 23:02 | Research | Thumb Ring |
| 23:03 | Create | Cavalry Archer |
| 23:04 | Create | Villager (Male) |
| 23:04 | Create | Villager (Male) |
| 23:06 | Create | Villager (Male) |
| 23:06 | Create | Villager (Male) |
| 23:08 | Research | Bow Saw |
| 23:38 | Create | Cavalry Archer |
| 23:38 | Create | Cavalry Archer |
| 23:44 | Build | Siege Workshop |
| 24:06 | Create | Cavalry Archer |
| 24:06 | Create | Cavalry Archer |
| 24:07 | Create | Villager (Male) |
| 24:07 | Create | Villager (Male) |
| 24:10 | Create | Villager (Male) |
| 24:15 | Research | Gold Shaft Mining |
| 24:24 | Create | Cavalry Archer |
| 24:24 | Create | Cavalry Archer |
| 24:42 | Create | Mangonel |
| 24:51 | Build | Mining Camp |
| 24:52 | Create | Villager (Male) |
| 24:52 | Create | Villager (Male) |
| 25:00 | Create | Cavalry Archer |
| 25:22 | Create | Villager (Male) |
| 25:27 | Build | House |
| 25:31 | Build | House |
| 25:45 | Create | Cavalry Archer |
| 25:45 | Create | Cavalry Archer |
| 26:16 | Create | Cavalry Archer |
| 26:16 | Create | Cavalry Archer |
| 26:24 | Build | Farm |
| 26:24 | Build | Farm |
| 26:27 | Create | Cavalry Archer |
| 26:28 | Create | Cavalry Archer |
| 26:40 | Create | Battering Ram |
| 26:46 | Create | Villager (Male) |
| 26:46 | Create | Villager (Male) |
| 26:55 | Build | Town Center |
| 27:07 | Create | Cavalry Archer |
| 27:27 | Build | Mill |
| 27:37 | Create | Cavalry Archer |
| 27:37 | Create | Cavalry Archer |
| 27:37 | Create | Cavalry Archer |
| 27:41 | Create | Villager (Male) |
| 27:44 | Research | Wheelbarrow |
| 27:54 | Create | Villager (Male) |
| 28:02 | Build | House |
| 28:08 | Build | House |
| 28:08 | Build | House |
| 28:08 | Build | House |
| 28:08 | Build | House |
| 28:09 | Build | House |
| 28:16 | Build | Lumber Camp |
| 28:24 | Create | Cavalry Archer |
| 28:24 | Create | Cavalry Archer |
| 28:44 | Create | Villager (Male) |
| 28:44 | Create | Villager (Male) |
| 28:48 | Create | Villager (Male) |
| 29:13 | Create | Cavalry Archer |
| 29:13 | Create | Cavalry Archer |
| 29:39 | Create | Villager (Male) |
| 29:53 | Build | Stone Wall |
| 29:54 | Build | Stone Wall |
Match timeline
| 0:47 | koopa · first_building Dock |
| 0:53 | Aleko · first_building Dock |
| 0:58 | TmZ_engbenelli · first_building Dock |
| 1:03 | rama xstar · first_building Dock |
| 1:12 | Sell_my_vills_for_wood · first_building Dock |
| 1:23 | Papitasx · first_building Dock |
| 1:26 | bipeng2008 · first_building Dock |
| 1:44 | Sell_my_vills_for_wood · wall_segment Palisade Wall x1 |
| 3:10 | cowboy · first_building Dock |
| 4:16 | rama xstar · wall_segment Palisade Wall x1 |
| 5:43 | rama xstar · wall_segment Palisade Wall x1 |
| 5:46 | Aleko · wall_segment Palisade Wall x1 |
| 5:47 | Aleko · wall_segment Palisade Wall x1 |
| 5:49 | Aleko · wall_segment Palisade Wall x1 |
| 5:53 | rama xstar · wall_segment Palisade Wall x1 |
| 6:04 | rama xstar · wall_segment Palisade Wall x1 |
| 8:58 | bipeng2008 · wall_segment Palisade Wall x4 |
| 9:02 | bipeng2008 · wall_segment Palisade Wall x4 |
| 9:57 | koopa · wall_segment Palisade Wall x10 |
| 10:12 | bipeng2008 · wall_segment Palisade Wall x1 |
| 11:33 | koopa · wall_segment Palisade Wall x3 |
| 12:32 | koopa · wall_segment Palisade Wall x3 |
| 13:10 | cowboy · age_up feudal |
| 13:11 | bipeng2008 · first_building Barracks |
| 13:12 | koopa · wall_segment Palisade Wall x6 |
| 13:15 | koopa · wall_segment Palisade Wall x9 |
| 13:19 | TmZ_engbenelli · wall_segment Palisade Wall x1 |
| 13:21 | rama xstar · age_up feudal |
| 13:22 | cowboy · wall_segment Palisade Wall x1 |
| 13:24 | cowboy · wall_segment Palisade Wall x1 |
| 13:24 | TmZ_engbenelli · wall_segment Palisade Wall x11 |
| 13:45 | TmZ_engbenelli · wall_segment Palisade Wall x11 |
| 13:48 | Papitasx · age_up feudal |
| 13:50 | Aleko · age_up feudal |
| 13:57 | Sell_my_vills_for_wood · age_up feudal |
| 14:20 | Papitasx · wall_segment Palisade Wall x12 |
| 14:25 | Papitasx · wall_segment Palisade Wall x6 |
| 14:43 | bipeng2008 · age_up feudal |
| 14:48 | bipeng2008 · first_building Archery Range |
| 14:51 | TmZ_engbenelli · age_up feudal |
| 14:54 | koopa · age_up feudal |
| 15:08 | Papitasx · wall_segment Palisade Wall x1 |
| 15:09 | Papitasx · wall_segment Palisade Wall x1 |
| 15:14 | Sell_my_vills_for_wood · first_building Barracks |
| 15:17 | Papitasx · wall_segment Palisade Wall x1 |
| 15:37 | koopa · wall_segment Palisade Wall x4 |
| 15:51 | bipeng2008 · wall_segment Palisade Wall x11 |
| 15:53 | bipeng2008 · wall_segment Palisade Wall x2 |
| 16:18 | Sell_my_vills_for_wood · first_building Stable |
| 16:26 | bipeng2008 · wall_segment Palisade Wall x1 |
| 16:42 | TmZ_engbenelli · first_building Barracks |
| 17:27 | koopa · first_market_buy 100 food |
| 17:31 | koopa · first_market_sell 100 wood |
| 17:39 | Papitasx · wall_segment Palisade Wall x6 |
| 17:43 | Sell_my_vills_for_wood · age_up castle |
| 17:59 | bipeng2008 · first_building Stable |
| 18:11 | TmZ_engbenelli · first_building Archery Range |
| 18:14 | Aleko · age_up castle |
| 18:16 | rama xstar · first_building Barracks |
| 18:18 | bipeng2008 · age_up castle |
| 18:38 | Papitasx · wall_segment Palisade Wall x7 |
| 19:07 | TmZ_engbenelli · age_up castle |
| 19:28 | rama xstar · first_building Stable |
| 19:42 | rama xstar · age_up castle |
| 19:48 | koopa · first_building Barracks |
| 19:49 | rama xstar · first_market_buy 100 wood |
| 19:54 | rama xstar · first_building Monastery |
| 20:14 | koopa · age_up castle |
| 20:16 | rama xstar · wall_segment Palisade Wall x1 |
| 20:19 | rama xstar · wall_segment Stone Wall x1 |
| 20:24 | rama xstar · wall_segment Palisade Wall x1 |
| 20:25 | rama xstar · wall_segment Palisade Wall x1 |
| 20:32 | koopa · first_building Castle |
| 20:34 | cowboy · wall_segment Palisade Wall x1 |
| 20:35 | rama xstar · wall_segment Palisade Wall x1 |
| 20:37 | cowboy · wall_segment Palisade Wall x1 |
| 20:39 | cowboy · wall_segment Palisade Wall x1 |
| 20:40 | cowboy · wall_segment Palisade Wall x1 |
| 20:40 | cowboy · wall_segment Palisade Wall x1 |
| 20:42 | rama xstar · wall_segment Palisade Wall x1 |
| 20:44 | rama xstar · wall_segment Palisade Wall x1 |
| 20:49 | rama xstar · wall_segment Palisade Wall x1 |
| 20:49 | cowboy · wall_segment Palisade Wall x1 |
| 20:51 | Aleko · first_market_buy 100 wood |
| 20:53 | TmZ_engbenelli · first_market_sell 100 food |
| 21:13 | Aleko · first_building Monastery |
| 21:20 | bipeng2008 · first_building Siege Workshop |
| 22:09 | koopa · first_building Stable |
| 23:15 | Sell_my_vills_for_wood · first_building Siege Workshop |
| 23:16 | Aleko · first_market_sell 100 wood |
| 23:44 | TmZ_engbenelli · first_building Siege Workshop |
| 25:33 | rama xstar · wall_segment Palisade Wall x1 |
| 25:34 | rama xstar · wall_segment Palisade Wall x1 |
| 25:37 | cowboy · age_up castle |
| 26:02 | Sell_my_vills_for_wood · first_building Monastery |
| 26:42 | cowboy · first_market_buy 100 stone |
| 26:43 | Sell_my_vills_for_wood · first_market_buy 100 food |
| 27:09 | Papitasx · age_up castle |
| 27:37 | Papitasx · first_building Castle |
| 28:05 | Papitasx · first_market_buy 100 wood |
| 29:03 | bipeng2008 · first_building Monastery |
| 29:07 | rama xstar · first_market_sell 100 wood |
| 29:38 | Aleko · first_building Barracks |
| 29:53 | TmZ_engbenelli · wall_segment Stone Wall x8 |
| 29:54 | TmZ_engbenelli · wall_segment Stone Wall x1 |
| 30:51 | Aleko · first_building Stable |
| 31:55 | Aleko · first_building Castle |
| 32:39 | bipeng2008 · first_building Castle |
| 32:50 | Aleko · age_up imperial |
| 33:05 | TmZ_engbenelli · first_market_buy 100 wood |
| 33:16 | Sell_my_vills_for_wood · resign |
| 34:21 | TmZ_engbenelli · first_building Castle |
| 34:22 | Papitasx · first_market_sell 100 wood |
| 34:32 | cowboy · first_building Castle |
[ AI ANALYSIS · 1 CREDIT ]
What really happened in this match?
Wolo.gg analyzes every decision: build order, eco, micro, common mistakes by bracket. Personalized analysis on WhatsApp or Discord in 30 seconds.
Civ guide
Spanish
Perfil
Jugador #631067